 Dungeon Sprint DCSS version 0.31-a0-986-g5e6e4ef867 (webtiles) character file.

Game seed: 2101455738650426461

1250 NinjaNoafa the Basher (level 8, -2/106 HPs)
             Began as an Armataur Warper on Nov 11, 2023.
             Was a Believer of Okawaru.
             Slain by a snapping turtle (5 damage)
             ... in the Dungeon (Sprint VII: "The Pits").
             The game lasted 00:04:37 (826 turns).

NinjaNoafa the Basher (Armataur Warper)              Turns: 826, Time: 00:04:37

Health: -2/106     AC: 11    Str: 16    XL:     8   Next: 26%
Magic:  1/11       EV:  9    Int: 16    God:    Okawaru [**....]
Gold:   0          SH:  0    Dex: 10    Spells: 2/11 levels left

rFire   . . .        n - +1 mace (protect)
rCold   . . .        (no shield)
rNeg    . . .        j - +0 troll leather armour {Pargi}
rPois   .            (no helmet)
rElec   .            (no cloak)
rCorr   .            (no gloves)
SInv    .            (no barding)
Will    .....        (no amulet) Stlth
                     (no ring)
HPRegen 1.17/turn    (no ring)
MPRegen 0.12/turn

%: no teleportation, roll
@: berserking, under a protective aura, hasted, very quick
A: large, rugged brown scales 3, deformed body, armoured tail, roll, long
tongue, awkward tongue
a: Renounce Religion, Heroism


You were in the Dungeon.
You worshipped Okawaru.
Okawaru was pleased with you.
You visited 1 branch

Inventory:

Hand Weapons
 n - a +1 mace of protection (weapon)
Missiles
 d - 6 darts of dispersal (quivered)
Armour
 j - a +0 troll leather armour (worn) {Pargi}
Scrolls
 c - 2 scrolls of blinking
 k - 2 scrolls of vulnerability
 l - 5 scrolls of amnesia
 m - a scroll of butterflies
Potions
 a - 2 potions of invisibility
 e - 4 potions of curing
 f - 2 potions of heal wounds
 h - 4 potions of magic
 i - a potion of berserk rage


   Skills:
 + Level 4.4 Fighting
 - Level 14.0 Maces & Flails
 - Level 0.8 Throwing
 - Level 1.2 Armour
 - Level 1.3 Dodging
 + Level 2.2 Spellcasting
 + Level 8.1 Translocations
 + Level 4.3 Air Magic


You had 2 spell levels left.
You knew the following spells:

 Your Spells              Type           Power      Damage    Failure   Level
a - Blink                 Tloc           56%        N/A       1%          2
b - Teleport Other        Tloc           28%        N/A       2%          3
c - Vhi's Electric Charg  Tloc/Air       42%        N/A       19%         4

Your spell library contained the following spells:

 Spells                   Type           Power      Damage    Failure   Level
 Lesser Beckoning         Tloc           56%        N/A       1%          2
 Manifold Assault         Tloc           28%        N/A       9%          4


Dungeon Overview and Level Annotations

Branches:
Dungeon (1/1) Zot: 27000

Altars:
Ashenzari
Cheibriados
Dithmenos
Elyvilon
Fedhas
Gozag
Hepliaklqana
Kikubaaqudgha
Makhleb
Nemelex Xobeh
Okawaru
Qazlal
Ru
Sif Muna
Trog
Uskayaw
Vehumet
Wu Jian
Xom
Yredelemnul
Zin
The Shining One
Jiyva
Lugonu


Innate Abilities, Weirdness & Mutations

You are completely covered in rugged brown scales. (AC +3, +7% HP)
Armour fits poorly on your strangely shaped body.
You have a long armoured tail.
You roll when moving toward enemies. (Rampage)
Your long tongue fully drains potion bottles. (2x potion effects)
Your tongue gives you trouble enunciating. (1.5x scroll delay)


Message History

You feel much better.
You slurp down every last drop of the potion of heal wounds!
The snapping turtle bites you.
You regained 35 hp, and now have 37/71 hp.
You sock the snapping turtle! You hit the snapping turtle.
The snapping turtle barely misses you.
Unknown command.
A red film seems to cover your vision as you go berserk!
You feel yourself moving faster!
You feel mighty!
You slurp down every last drop of the potion of berserk rage!
The boulder beetle bites you but does no damage.
The snapping turtle bites you.
You now have 57/106 hp.
You hit the snapping turtle but do no damage.
Unknown command.
You sock the snapping turtle! The boulder beetle bites you!
* * * LOW HITPOINT WARNING * * *
The snapping turtle bites you!!
* * * LOW HITPOINT WARNING * * *
You take 30 damage, and have 27/106 hp.
MASSIVE DAMAGE!!
The boulder beetle curls into a ball and begins rolling!
You roll towards the snapping turtle!
You hit the snapping turtle but do no damage.
The snapping turtle barely misses you.
You hit the snapping turtle. You hit the snapping turtle.
The boulder beetle closely misses you.
The boulder beetle stops rolling and uncurls.
The snapping turtle barely misses you.
You hit the snapping turtle but do no damage.
The boulder beetle attacks as it pursues you!
The boulder beetle bites you!!
* * * LOW HITPOINT WARNING * * *
The snapping turtle bites you but does no damage.
You take 17 damage, and have 13/106 hp.
You hit the boulder beetle but do no damage.
You tail-slap the boulder beetle, but do no damage.
You completely miss the boulder beetle. The boulder beetle bites you!
* * * LOW HITPOINT WARNING * * *
The snapping turtle bites you from afar.
You die...

#)##'#.†#'###...<...#
#)#........##.......#
#)#........##.......#
#)###########.......#
#.......#..##########
#.###...#.######
#.#....t#)#....#
#.#...#B#)#....#
#.....#@#.tB...+
#...###[#'#○○B.#
#.......'.#....#
################


You could see a boulder beetle and a snapping turtle.

Vanquished Creatures
  A tarantella (D)
  A glass eye (D)
  A fire bat (D)
  Pargi (D)
  An orc warrior (D)
  An ice beast (D)
  An ogre (D)
  A kobold brigand (D)
  2 scorpions (D)
  A jelly (D)
  A gnoll bouda (D)
  An orc priest (D)
  An orc wizard (D)
  4 gnolls (D)
  An adder (D)
  A river rat (D)
  An ufetubus (D)
  4 orcs (D)
  A hobgoblin (D)
  A kobold (D)
  A ball python (D)
  2 rats (D)
30 creatures vanquished.

Notes
Turn   | Place    | Note
-------+----------+-------------------------------------------
     0 | D        | NinjaNoafa the Armataur Warper began the quest for the Orb.
     0 | D        | Reached XP level 1. HP: 18/18 MP: 3/3
     8 | D        | Noticed a glass eye
    30 | D        | Killed a glass eye
    31 | D        | Reached skill level 7 in Maces & Flails
    31 | D        | Reached XP level 2. HP: 25/25 MP: 4/4
    31 | D        | Reached XP level 3. HP: 31/31 MP: 5/5
    31 | D        | Reached XP level 4. HP: 38/38 MP: 6/6
    31 | D        | Reached XP level 5. HP: 43/43 MP: 7/7
    56 | D        | Found a bloodstained altar of Trog.
    56 | D        | Found a shimmering blue altar of Sif Muna.
    56 | D        | Found a viscous altar of Jiyva.
    56 | D        | Found a hazy altar of Hepliaklqana.
    56 | D        | Found an opulent altar of Gozag.
    57 | D        | Found a glowing golden altar of the Shining One.
    57 | D        | Found a glowing silver altar of Zin.
    57 | D        | Found a basalt altar of Yredelemnul.
    57 | D        | Found a shimmering altar of Xom.
    57 | D        | Found an ornate altar of the Wu Jian Council.
    57 | D        | Found a sacrificial altar of Ru.
    57 | D        | Found a stormy altar of Qazlal.
    57 | D        | Found an iron altar of Okawaru.
    57 | D        | Found a sparkling altar of Nemelex Xobeh.
    57 | D        | Found a burning altar of Makhleb.
    57 | D        | Found a blossoming altar of Fedhas.
    57 | D        | Found a white marble altar of Elyvilon.
    57 | D        | Found a shadowy altar of Dithmenos.
    57 | D        | Found a snail-covered altar of Cheibriados.
    59 | D        | Found a corrupted altar of Lugonu.
    59 | D        | Found a radiant altar of Vehumet.
    60 | D        | Found an ancient bone altar of Kikubaaqudgha.
    60 | D        | Found a hide-covered altar of Uskayaw.
    60 | D        | Found a broken altar of Ashenzari.
    66 | D        | Became a worshipper of Warmaster Okawaru
    92 | D        | Reached skill level 8 in Maces & Flails
   197 | D        | Learned a level 2 spell: Blink
   201 | D        | Learned a level 3 spell: Teleport Other
   219 | D        | Reached skill level 9 in Maces & Flails
   219 | D        | Reached XP level 6. HP: 34/51 MP: 6/8
   404 | D        | Noticed a fire bat
   417 | D        | Killed a fire bat
   417 | D        | Reached * piety under Okawaru
   418 | D        | Reached skill level 11 in Maces & Flails
   427 | D        | Noticed an orc warrior
   430 | D        | Noticed an ice beast
   451 | D        | Killed an ice beast
   452 | D        | Reached XP level 7. HP: 52/56 MP: 7/9
   454 | D        | Reached skill level 12 in Maces & Flails
   484 | D        | Reached skill level 13 in Maces & Flails
   537 | D        | Noticed Pargi
   549 | D        | Killed Pargi
   549 | D        | Reached ** piety under Okawaru
   566 | D        | Noticed a tarantella
   576 | D        | HP: 1/56 [tarantella (14)]
   588 | D        | Killed a tarantella
   589 | D        | Reached skill level 14 in Maces & Flails
   589 | D        | Reached XP level 8. HP: 15/70 MP: 4/10
   599 | D        | Learned a level 4 spell: Vhi's Electric Charge
   776 | D        | Noticed a boulder beetle
   776 | D        | Noticed a snapping turtle
   798 | D        | HP: 3/71 [snapping turtle (18)]
   811 | D        | HP: 2/71 [snapping turtle (18)]
   826 | D        | HP: 3/106 [boulder beetle (11)]
   826 | D        | Slain by a snapping turtle

Illustrated notes

Levels and vault maps discovered:
D:        pitsprint [storerooms_1, entrance_room_1, metal_vault_6, armoury_1,
          mini_pit_1, grid_room_1, main_hall_1, silver_pit, the_coven_1,
          the_vestibule_1, steel_vault_5, golden_pit, hallway_of_sentries,
          crystal_vault_6, iron_vault_4, final_vault]

Skill      XL: |  1  2  3  4  5  6  7  8 |
---------------+-------------------------+-----
Maces & Flails | 7 9 11 14 | 14.0
Translocations | 6 7 8 |  8.1
Air Magic      | 4 |  4.3
Fighting       | 4 |  4.4
Spellcasting   | 2 |  2.2
Throwing       | |  0.8
Armour         | |  1.2
Dodging        | |  1.3

Action                     |  1- 3 |  4- 6 |  7- 9 || total
---------------------------+-------+-------+-------++-------
  Melee: Mace              |    22 |    61 |   105 ||   188
         Tailslap          |     3 |     7 |    19 ||    29
         Punch             |       |     2 |     3 ||     5
  Throw: Dart              |       |       |     1 ||     1
   Cast: Blink             |       |     3 |     3 ||     6
         Vhi's Electric Ch |       |       |     2 ||     2
    Use: Potion            |       |     1 |     8 ||     9
 Armour: Leather armour    |       |    62 |    37 ||    99
         Troll leather arm |       |       |    57 ||    57
  Dodge: Dodged            |       |    32 |    25 ||    57

Table legend: (Time is in decaauts)
 A = Elapsed time spent in this place.
 B = Non-inter-level travel time spent in this place.
 C = Inter-level travel time spent in this place.
 D = Time resting spent in this place.
 E = Time spent auto-exploring this place.
 F = Levels seen in this place.
 G = Mean time per level.
                   A        B        C        D        E       F      G
               +--------+--------+--------+--------+--------+-----+--------+
         Total |    795 |    773 |     22 |    390 |     25 |   1 |  795.0 |
       Dungeon |    795 |    773 |     22 |    390 |     25 |   1 |  795.0 |
               +--------+--------+--------+--------+--------+-----+--------+

Top non-repeatable levels by time:
       D: 795 daAuts
